AoeStats
← pouletfarci

Arabia

510068749Analyzed
1v1 RM · 5d ago on Sep 29, 2026· 48m 23s· 2 players
Game mode
Random Map
Map size
Tiny (2 player)
Population
200
Speed
Normal
Resources
Standard
Victory
Conquest
Starting age
Dark Age
Ending age
Imperial Age
RankedLock teamsTeams togetherTeam positionsShared explorationLock speedFull tech treeHidden civsTurbo modeCheats
Victory
Defeat
🇫🇷 Vikings · France
1129
+14
🇸🇪 Turks · Sweden
1096
-14
AmadeusChörl
8:35 Loom
12:35 Feudal Age
19:55 Castle Age
17:55 Horse Collar
18:16 Double-Bit Axe
20:34 Scale Barding Armor
21:14 Forging
30:31 Wheelbarrow
33:06 Stone Mining
33:32 Heavy Plow
34:15 Husbandry
34:25 Bloodlines
42:12 Imperial Age
41:55 Hand Cart
45:23 Gold Mining
pouletfarci
6:42 Loom
9:24 Feudal Age
10:54 Double-Bit Axe
19:13 Castle Age
18:57 Fletching
19:08 Padded Archer Armor
19:17 Horse Collar
19:40 Crossbowman
20:24 Bodkin Arrow
24:52 Scale Mail Armor
26:09 Chain Mail Armor
26:05 Forging
26:00 Squires
28:21 Town Watch
29:16 Arson
32:06 Iron Casting
31:57 Pikeman
36:16 Chieftains
41:19 Imperial Age
43:37 Plate Mail Armor
Connection lost

Rejoining the realm…

Still unreachable

The connection could not be restored.

Session expired

The server has moved on; the page needs a fresh start.